 Dungeon Crawl Stone Soup version 0.30-a0-715-gdb4ae3ece1 (webtiles) character file.

Game seed: 12947738946116354708

29 jlumianski the Covered (level 3, 0/29 HPs)
             Began as a Demonspawn Fighter on Jan 24, 2023.
             Succumbed to an adder's poison
             ... on level 2 of the Dungeon.
             The game lasted 00:02:59 (756 turns).

jlumianski the Covered (Demonspawn Fighter)          Turns: 756, Time: 00:03:00

Health: 0/29       AC:  6    Str: 18    XL:     3   Next: 1%
Magic:  3/3        EV:  9    Int:  9    God:
Gold:   78         SH:  4    Dex: 12    Spells: 2/2 levels left

rFire   . . .      SeeInvis .    a - +0 war axe
rCold   . . .      Faith    .    c - +0 buckler
rNeg    . . .      Spirit   .    b - +0 scale mail
rPois   .          Reflect  .    (helmet restricted)
rElec   .          Harm     .    (no cloak)
rCorr   .          Rampage  .    (no gloves)
Will    .....                    (no boots) Stlth
                                 (no amulet)
HPRegen 0.24/turn                (no ring)
MPRegen 0.08/turn                (no ring)

@: lethally poisoned (0 -> -2)
A: horns 1, demonic magic 1
a: no special abilities


You were on level 2 of the Dungeon.
You visited 1 branch of the dungeon, and saw 2 of its levels.

You collected 78 gold pieces.

Inventory:

Hand Weapons
 a - a +0 war axe (weapon)
Missiles
 g - 4 stones (quivered)
Armour
 b - a +0 scale mail (worn)
 c - a +0 buckler (worn)
 h - a +0 pair of gloves
Scrolls
 i - a scroll of fear
Potions
 d - a potion of might
 f - a potion of mutation
 j - a potion of flight


   Skills:
 + Level 3.2 Fighting
 + Level 2.1 Axes
 + Level 3.2 Armour
 + Level 3.0 Shields


You had 2 spell levels left.
You didn't know any spells.
Your spell library was empty.

Dungeon Overview and Level Annotations

Branches:
Dungeon (2/15)

Altars:


Innate Abilities, Weirdness & Mutations

You have a pair of small horns on your head.
Spells you cast may paralyse adjacent enemies.


Message History

You feel sick. The adder bites you. The dart slug launches a dart at you.
The slug dart hits you.
You feel sick. You block the adder's attack.
The adder bites you but does no damage.
You feel sick.
You are no longer poisoned.
The dart slug bites you. The adder bites you but does no damage.
The adder bites you but does no damage.
The dart slug bites you but does no damage.
The adder bites you but does no damage. You block the dart slug's attack.
The adder barely misses you. The adder closely misses you.
You block the adder's attack. The dart slug launches a dart at you.
The slug dart misses you. The adder barely misses you. The dart slug bites you.
You block the adder's attack. The adder bites you but does no damage.
The dart slug bites you but does no damage.
The adder bites you. The adder barely misses you.
The dart slug launches a dart at you. You block the slug dart.
The adder bites you but does no damage. The adder barely misses you.
You block the dart slug's attack. The adder closely misses you.
The adder bites you but does no damage. The dart slug launches a dart at you.
The slug dart misses you. The adder bites you but does no damage.
The dart slug bites you but does no damage.
The adder bites you.
You are poisoned.
The adder poisons you!
You feel sick. The adder bites you but does no damage.
You feel sick. The adder barely misses you. The dart slug barely misses you.
You feel sick. You block the adder's attack. The dart slug bites you.
* * * LOW HITPOINT WARNING * * *
You feel sick. The adder closely misses you. The adder bites you.
* * * LOW HITPOINT WARNING * * *
You die...

##########* ########
#.........* #......#
#####.........* #....[.#
#......w......*
#......####.....@S......*
.................#######*
##+###...........#
.....+.........>.#
.#.###..[........# ##,#
#.....####'## ,,,*
#...........# ,,**
###.........# *,**
#.........#


You could see an adder and a dart slug.

Vanquished Creatures
  8 endoplasms
  A giant cockroach (D:1)
  3 goblins
  A hobgoblin (D:1)
  4 kobolds
  A quokka (D:2)
  A ball python (D:2)
  2 bats (D:1)
  2 frilled lizards (D:2)
  2 rats (D:1)
25 creatures vanquished.

Notes
Turn   | Place    | Note
-------+----------+-------------------------------------------
     0 | D:1      | jlumianski the Demonspawn Fighter began the quest for the
                  | Orb.
     0 | D:1      | Reached XP level 1. HP: 18/18 MP: 1/1
   143 | D:1      | Gained mutation: You have a pair of small horns on your
                  | head. [demonic ancestry]
   143 | D:1      | Reached XP level 2. HP: 24/24 MP: 2/2
   534 | D:1      | Gained mutation: Spells you cast may paralyse adjacent
                  | enemies. [demonic ancestry]
   534 | D:1      | Reached XP level 3. HP: 29/29 MP: 3/3
   755 | D:2      | HP: 1/29 [adder (3)]
   756 | D:2      | Succumbed to an adder's poison

Illustrated notes

Levels and vault maps discovered:
D:1:      dpeg_arrival_pits, layout_basic
D:2:      layout_basic

Skill      XL: |  1  2 |
---------------+-------+-----
Armour         | 3 |  3.2
Shields        | 3 |  3.0
Axes           | 2 |  2.1
Fighting       | |  3.2

Action                     || total
---------------------------++-------
  Melee: War axe           ||    37
         Headbutt          ||     1
    Use: Scroll            ||     4
         Potion            ||     3
 Armour: Scale mail        ||    45
  Dodge: Dodged            ||    42
  Block: Buckler           ||    26

Table legend: (Time is in decaauts)
 A = Elapsed time spent in this place.
 B = Non-inter-level travel time spent in this place.
 C = Inter-level travel time spent in this place.
 D = Time resting spent in this place.
 E = Time spent auto-exploring this place.
 F = Levels seen in this place.
 G = Mean time per level.
                   A        B        C        D        E       F      G
               +--------+--------+--------+--------+--------+-----+--------+
         Total |    773 |    773 |      0 |      0 |    393 |   2 |  386.5 |
       Dungeon |    773 |    773 |      0 |      0 |    393 |   2 |  386.5 |
               +--------+--------+--------+--------+--------+-----+--------+

Top non-repeatable levels by time:
     D:1: 617 daAuts
     D:2: 156 daAuts
